 Dungeon Crawl Stone Soup version 0.30.2 (webtiles) character file.

Game seed: 3324787726361534319

14623 porpoise the Spear-Bearer (level 12, -7/100 HPs)
             Began as a Merfolk Gladiator on Jan 25, 2024.
             Was a Priest of Fedhas.
             Killed by an exploding ballistomycete spore (13 damage)
             ... set off by their pet
             ... on level 2 of the Lair of Beasts.
             The game lasted 00:50:11 (12081 turns).

porpoise the Spear-Bearer (Merfolk Gladiator)      Turns: 12081, Time: 00:50:11

Health: -7/100     AC: 14    Str: 18    XL:     12   Next: 18%
Magic:  17/17      EV: 21    Int:  7    God:    Fedhas [***...]
Gold:   973        SH:  0    Dex: 17    Spells: 11/11 levels left

rFire   . . .        a - +2 spear (heavy)
rCold   . . .        (no shield)
rNeg    . . .        M - +0 steam dragon scales
rPois   .            F - +1 helmet
rElec   .            H - +1 cloak of Starlight {*Dazzle EV+4 Stlth--}
rCorr   .            A - +0 pair of gloves
SInv    .            p - +1 pair of boots
Will    .....        (no amulet) Stlth
                     (no ring)
HPRegen 0.36/turn    (no ring)
MPRegen 0.15/turn

%: no passive effects
@: confused
A: (nimble swimmer 2), mertail
a: Renounce Religion, Wall of Briars, Grow Ballistomycete


You were on level 2 of the Lair of Beasts.
You worshipped Fedhas.
Fedhas was most pleased with you.
You visited 3 branches of the dungeon, and saw 13 of its levels.
You also visited: Sewer.

You collected 1096 gold pieces.
You spent 123 gold pieces at shops.

Inventory:

Hand Weapons
 a - a +2 heavy spear (weapon)
 b - the +5 sling of the World {flame, Int+3}
   (You bought it in a shop on level 1 of the Dungeon)

   Int:       It affects your intelligence (+3).
Missiles
 d - 2 throwing nets (quivered)
 D - a curare-tipped dart
Armour
 p - a +1 pair of boots (worn)
 y - a scarf of repulsion
 A - a +0 pair of gloves (worn)
 F - a +1 helmet (worn)
 H - the +1 cloak of Starlight (worn) {*Dazzle EV+4 Stlth--}
   (You acquired it on level 6 of the Dungeon)

   *Dazzle:   It may blind those who miss an attack against the wearer in melee
   combat.
   EV:        It affects your evasion (+4).
   Stlth:     It makes you much less stealthy.
 M - +0 steam dragon scales (worn)
Jewellery
 z - a ring of ice
Wands
 i - a wand of flame (24)
 l - a wand of mindburst (17)
 m - a wand of charming (18)
 v - a wand of digging (7)
 S - a wand of quicksilver (2)
 U - a wand of polymorph (6)
Scrolls
 g - 6 scrolls of teleportation
 n - 2 scrolls of fog
 I - 2 scrolls of magic mapping
 R - 2 scrolls of vulnerability
Potions
 c - 2 potions of lignification
 j - 3 potions of heal wounds
 o - 4 potions of haste
 r - 4 potions of curing
 t - a potion of resistance
 B - a potion of attraction
 E - 2 potions of might
 G - 2 potions of berserk rage
Miscellaneous
 V - a condenser vane


   Skills:
 + Level 11.5 Fighting
 - Level 14.0 Polearms
 - Level 2.0 Throwing
 - Level 5.0 Armour
 + Level 8.9 Dodging
 + Level 4.7 Stealth
 - Level 7.0 Invocations
 - Level 5.0 Evocations


You had 11 spell levels left.
You didn't know any spells.
Your spell library contained the following spells:

 Spells                   Type           Power      Damage    Failure   Level
 Beastly Appendage        Tmut           0%         N/A       43%         1
 Sting                    Tmut/Pois      0%         1d3       43%         1
 Poisonous Vapours        Pois/Air       0%         N/A       56%         2
 Wereblood                Tmut           0%         N/A       56%         2
 Call Canine Familiar     Summ           0%         N/A       80%         3
 Gell's Gravitas          Tloc           0%         N/A       80%         3
 Mephitic Cloud           Conj/Pois/Air  0%         N/A       80%         3
 Portal Projectile        Hex/Tloc       0%         N/A       80%         3
 Spider Form              Tmut/Pois      0%         N/A       80%         3
 Teleport Other           Tloc           0%         N/A       80%         3
 Leda's Liquefaction      Hex/Erth       0%         N/A       99%         4
 Olgreb's Toxic Radiance  Pois           0%         N/A       99%         4
 Alistair's Intoxication  Tmut/Pois      0%         N/A       100%        5
 Borgnjor's Vile Clutch   Necr/Erth      0%         N/A       100%        5
 Freezing Cloud           Conj/Ice/Air   0%         6-21      100%        5
 Dispersal                Tloc           0%         N/A       100%        6
 Eringya's Noxious Bog    Tmut/Pois      0%         N/A       100%        6
 Simulacrum               Ice/Necr       0%         N/A       100%        6
 Ozocubu's Refrigeration  Ice            0%         4d7       100%        7
 Polar Vortex             Ice            0%         N/A       100%        9


Dungeon Overview and Level Annotations

Branches:
Dungeon (10/15)            Temple (1/1) D:5            Lair (2/5) D:10
 Spider (0/4) Lair:2        Sewer (visited)
  Swamp: Lair:2-3    Shoals: Lair:2-3       Orc: D:9-12

Altars:
Ashenzari
Cheibriados
Dithmenos
Elyvilon
Fedhas
Gozag
Hepliaklqana
Kikubaaqudgha
Makhleb
Nemelex Xobeh
Okawaru
Qazlal
Ru
Sif Muna
Trog
Uskayaw
Vehumet
Wu Jian
Xom
Yredelemnul
Zin
The Shining One

Shops:
D:1 (:=

Annotations:
D:6 exclusion: upstairs


Innate Abilities, Weirdness & Mutations

((You are very nimble when in or above water. (Stealth+, EV+, Speed+++)))
Your lower body shifts to a powerful aquatic tail in water.


Message History

The bullfrog is almost dead.
The bullfrog appears confused.
The explosion of spores engulfs the bullfrog!!
You kill the bullfrog!
Fedhas appreciates your contribution to the ecosystem.
Fedhas protects your plant from harm.
Blink to where?
Press: ? - help, Dir - move target
As you read the scroll of blinking, it crumbles to dust.
Your ballistomycete spore explodes!
The bullfrog appears confused.
The explosion of spores engulfs the bullfrog!
The bullfrog is severely wounded.
The explosion of spores engulfs you!!
You are confused.
* * * LOW HITPOINT WARNING * * *
The bullfrog appears confused.
The explosion of spores engulfs the bullfrog!!
You kill the bullfrog!
Fedhas appreciates your contribution to the ecosystem.
You hear a howl!
A ballistomycete spore comes into view.
In your confused state, you trip and fall back down the stairs.
* * * LOW HITPOINT WARNING * * *
The bullfrog closely misses you. The bullfrog completely misses you.
The bullfrog barely misses your ballistomycete spore.
The bullfrog barely misses you. The bullfrog hits you.
* * * LOW HITPOINT WARNING * * *
Your ballistomycete spore explodes!
The bullfrog appears confused.
The explosion of spores engulfs the bullfrog!
You kill the bullfrog!
Fedhas appreciates your contribution to the ecosystem.
The bullfrog appears confused.
The explosion of spores engulfs the bullfrog!
The bullfrog is almost dead.
The explosion of spores engulfs you!
You are more confused.
You die...
Fedhas appreciates your contribution to the ecosystem.

...............>.
..................
...................
...................
...................
...................
....|......P.......
.......§.†.........
...#....†F@......(#
..........F......#
................##
................#
...................
...................
............P...#.#
.............# #
.......<.....


You could see 2 bullfrogs and a friendly ballistomycete (summoned).

Vanquished Creatures
  A catoblepas (Lair:1)
  3 death yaks (D:10)
  A centaur warrior (D:9)
  Urug (D:10)
  Nergalle (Lair:1)
  Pikel (D:8)
  A black mamba (Lair:1)
  6 cane toads
  An unseen horror (D:10)
  A troll (D:9)
  2 polar bears (Lair:1)
  Sigmund (D:3)
  8 yaks
  3 wyverns
  2 basilisks (Lair:1)
  3 fire bats (Lair:1)
  2 steam dragons
  An acid dragon (D:10)
  4 water moccasins
  3 black bears
  An ice beast (D:8)
  3 orc warriors
  A sky beast (D:7)
  4 ogres
  A centaur (D:7)
  2 lemures (D:8)
  A phantom (D:6)
  5 kobold brigands
  10 bullfrogs
  2 scorpions (D:6)
  4 wights (D:9)
  6 killer bees (D:9)
  2 electric eels
  A howler monkey (D:4)
  A quasit (D:8)
  3 jellies
  7 orc priests
  A hound (D:7)
  A gnoll bouda (D:7)
  Jessica (D:3)
  2 iguanas
  A sleepcap (D:5)
  7 orc wizards
  7 gnolls
  10 adders
  4 river rats
  2 shadow imps
  5 white imps
  2 ufetubi
  7 worms
  A dart slug (D:1)
  26 orcs
  9 ball pythons
  4 bats
  5 endoplasms
  7 giant cockroaches
  7 goblins
  6 hobgoblins
  4 jackals (D:3)
  25 kobolds
  5 quokkas
  3 frilled lizards
  11 rats
263 creatures vanquished.

Vanquished Creatures (collateral kills)
  A black bear (Lair:1)
  A bullfrog (Lair:1)
  10 ballistomycete spores
12 creatures vanquished.

Vanquished Creatures (others)
  An orc wizard (D:7)
  A ballistomycete spore (Lair:1)
2 creatures vanquished.

Grand Total: 277 creatures vanquished

Notes
Turn   | Place    | Note
-------+----------+-------------------------------------------
     0 | D:1      | porpoise the Merfolk Gladiator began the quest for the Orb.
     0 | D:1      | Reached XP level 1. HP: 16/16 MP: 1/1
    73 | D:1      | Found Dahiy's Book Emporium.
   125 | D:1      | Reached XP level 2. HP: 20/23 MP: 2/2
   245 | D:1      | Found Oduck's Jewellery Emporium.
   272 | D:1      | Found Reydi's Antique Weapon Shoppe.
   302 | D:1      | Reached skill level 5 in Polearms
   470 | D:1      | Reached XP level 3. HP: 27/28 MP: 3/3
  1547 | D:3      | Noticed Jessica
  1551 | D:3      | Killed Jessica
  1552 | D:3      | Reached skill level 6 in Polearms
  1552 | D:3      | Reached XP level 4. HP: 34/35 MP: 4/4
  1977 | D:3      | Reached XP level 5. HP: 39/41 MP: 5/5
  2002 | D:3      | Found a faded altar of an unknown god.
  2120 | D:3      | Noticed Sigmund
  2129 | D:3      | Killed Sigmund
  2130 | D:3      | Reached skill level 7 in Polearms
  2130 | D:3      | Reached XP level 6. HP: 49/49 MP: 6/6
  2160 | D:3      | Found a burning altar of Makhleb.
  2280 | D:4      | Found a hazy altar of Hepliaklqana.
  2339 | D:4      | HP: 2/49 [orc priest/+2 mace of protection (4)]
  2350 | D:4      | Reached skill level 8 in Polearms
  2666 | D:4      | Found an iron altar of Okawaru.
  2975 | D:5      | Entered Level 5 of the Dungeon
  3007 | D:5      | Reached skill level 5 in Fighting
  3007 | D:5      | Reached XP level 7. HP: 56/56 MP: 7/7
  3010 | D:5      | Reached skill level 9 in Polearms
  3042 | D:5      | Found a staircase to the Ecumenical Temple.
  3201 | D:5      | Identified a scroll of acquirement
  3201 | D:5      | Acquired 501 gold pieces
  3241 | D:5      | Reached skill level 10 in Polearms
  3323 | D:5      | Reached XP level 8. HP: 64/64 MP: 8/8
  3892 | D:6      | Found a glowing drain.
  3897 | Sewer    | Entered a sewer
  4162 | Sewer    | Reached skill level 11 in Polearms
  4686 | D:1      | Bought a crystal sling for 123 gold pieces
  4686 | D:1      | Identified the +5 sling of the World {flame, Int+3} (You
                  | bought it in a shop on level 1 of the Dungeon)
  4929 | D:6      | Reached skill level 12 in Polearms
  4953 | Temple   | Entered the Ecumenical Temple
  5003 | Temple   | Became a worshipper of Fedhas Madash
  5097 | D:6      | Acquired the +1 cloak of Starlight {*Dazzle EV+4 Stlth--}
  5097 | D:6      | Found the +1 cloak of Starlight {*Dazzle EV+4 Stlth--}
  5128 | D:6      | Found a bloodstained altar of Trog.
  5185 | D:6      | Noticed a wyvern
  5197 | D:6      | Killed a wyvern
  5198 | D:6      | Reached skill level 1 in Armour
  5198 | D:6      | Reached XP level 9. HP: 64/72 MP: 9/9
  5239 | D:6      | Reached skill level 5 in Dodging
  5606 | D:7      | Found a snail-covered altar of Cheibriados.
  5661 | D:7      | Reached skill level 13 in Polearms
  5900 | D:7      | Reached * piety under Fedhas
  6469 | D:7      | Found a glowing golden altar of the Shining One.
  6840 | D:8      | Reached skill level 14 in Polearms
  7142 | D:8      | Noticed Pikel
  7157 | D:8      | Killed Pikel
  7158 | D:8      | Reached XP level 10. HP: 78/79 MP: 9/11
  7222 | D:8      | Reached ** piety under Fedhas
  7353 | D:8      | Found a basalt altar of Yredelemnul.
  8083 | D:9      | Noticed a centaur warrior
  8120 | D:9      | Killed a centaur warrior
  9206 | D:10     | Entered Level 10 of the Dungeon
  9221 | D:10     | Noticed Urug
  9245 | D:10     | Killed Urug
  9246 | D:10     | Reached skill level 5 in Invocations
  9510 | D:10     | Killed an unseen horror
  9511 | D:10     | Reached skill level 1 in Evocations
  9665 | D:10     | Noticed a death yak
  9665 | D:10     | Noticed a death yak
  9688 | D:10     | Noticed a death yak
  9694 | D:10     | Killed a death yak
  9695 | D:10     | Reached skill level 5 in Armour
  9695 | D:10     | Reached XP level 11. HP: 55/89 MP: 15/15
  9705 | D:10     | Killed a death yak
  9721 | D:10     | Killed a death yak
  9721 | D:10     | Reached *** piety under Fedhas
  9934 | D:10     | Found a staircase to the Lair.
 10695 | Lair:1   | Entered Level 1 of the Lair of Beasts
 10843 | Lair:1   | Reached skill level 10 in Fighting
 10881 | Lair:1   | Reached skill level 5 in Evocations
 11076 | Lair:1   | Reached skill level 1 in Stealth
 11176 | Lair:1   | Noticed Nergalle
 11192 | Lair:1   | Killed Nergalle
 11355 | Lair:1   | Noticed a catoblepas
 11373 | Lair:1   | Killed a catoblepas
 11374 | Lair:1   | Reached XP level 12. HP: 69/100 MP: 17/17
 12052 | Lair:2   | Found a hole to the Spider Nest.
 12081 | Lair:2   | Killed by an exploding ballistomycete spore... set off by
                  | their pet

Illustrated notes

Levels and vault maps discovered:
D:1:      dpeg_arrival_more_subterranean_lakeside_camping, layout_basic,
          serial_shops, shop, nicolae_shop_rolling_square,
          nicolae_shop_statue_plus
D:2:      layout_basic
D:3:      layout_basic, lightli_temple_of_fire,
          shapermc_ecumenical_altar_totnotflames, uniq_jessica, uniq_sigmund
D:4:      layout_gridville, okawaru_trees_1, nzn_hepliaklqana_mist_gate,
          ebering_dispersal_statue_hall
D:5:      layout_basic, minmay_temple_entry_from_below_a
D:6:      layout_loops_cross, trog_book, lightli_sewer_entry_pipes
D:7:      layout_loops_cross, nicolae_overflow_crystal_walls,
          nicolae_tso_carved_into_rock, hangedman_decor_opposing, minivault_14,
          nicolae_zen_rock_garden
D:8:      layout_basic, lemuel_round_altar, serial_demonic, serial_demonic_d,
          serial_demonic_g, serial_demonic_e, serial_demonic_b, uniq_pikel
D:9:      layout_basic
D:10:     layout_stronghold, dpeg_lair_monsters, uniq_urug
Temple:   hellmonk_temple_of_storms
Lair:1:   layout_gridlike, nicolae_volcano_entry_batcave, uniq_nergalle
Lair:2:   layout_cave_shapes, dummy_spider_entry, beast_lair_carwin_6

Skill      XL: |  1  2  3  4  5  6  7  8  9 10 11 12 |
---------------+-------------------------------------+-----
Polearms       | 5 6 7 8 10 12 14 | 14.0
Fighting       | 3 4 5 7 9 11 | 11.5
Armour         | 1 3 5 |  5.0
Dodging        | 7 8 |  8.9
Invocations    | 2 6 7 |  7.0
Evocations     | 2 5 |  5.0
Stealth        | 3 4 |  4.7
Throwing       | |  2.0

Action                     |  1- 3 |  4- 6 |  7- 9 | 10-12 || total
---------------------------+-------+-------+-------+-------++-------
  Melee: Trident           |   124 |   169 |   360 |       ||   653
         Tailslap          |       |       |    12 |       ||    12
         Punch             |       |       |     4 |     4 ||     8
         Spear             |       |       |    79 |   358 ||   437
   Fire: Sling             |       |       |    37 |    37 ||    74
  Throw: Throwing net      |       |     2 |     4 |       ||     6
 Invoke: Grow Ballistomyce |       |       |       |     2 ||     2
         Wall of Briars    |       |       |       |     1 ||     1
  Evoke: Wand              |       |       |     3 |     4 ||     7
    Use: Scroll            |       |     9 |    11 |     8 ||    28
         Potion            |       |     4 |       |     7 ||    11
   Stab: Sleeping          |     3 |       |     3 |       ||     6
         Held in net/web   |       |     4 |     1 |       ||     5
         Invisible         |       |       |     3 |    25 ||    28
         Confused          |       |       |       |     2 ||     2
 Armour: Leather armour    |    19 |       |       |       ||    19
         Ring mail         |     5 |    63 |    69 |       ||   137
         Steam dragon scal |       |       |    13 |    88 ||   101
  Dodge: Dodged            |    60 |    62 |   170 |   327 ||   619
